AoeStats
← thdung17

Arena

509266823Analyzed
4v4 RM · 7d ago on Sep 26, 2026· 69m 23s· 8 players
Game mode
Random Map
Map size
Large (8 player)
Population
200
Speed
Normal
Resources
Standard
Victory
Conquest
Starting age
Dark Age
Ending age
Imperial Age
RankedLock teamsTeams togetherTeam positionsShared explorationLock speedFull tech treeHidden civsTurbo modeCheats
Victory
Defeat
🇵🇪 Mongols · Peru
1332
+12
🇵🇪 Shu · Peru
1320
+13
🇵🇪 Saracens · Peru
1297
+14
🇵🇪 Spanish · Peru
1101
+21
🇻🇳 Slavs · Vietnam
1262
-16
🇦🇷 Vietnamese · Argentina
1247
-15
🇦🇷 Varangians · Argentina
1238
-15
🇺🇸 Britons · United States
1220
-14
iamjhing
10:49 Feudal Age
14:48 Castle Age
13:05 Double-Bit Axe
14:31 Horse Collar
16:11 Bow Saw
18:11 Fletching
19:47 Gold Mining
22:39 Bodkin Arrow
24:14 Padded Archer Armor
27:59 Wheelbarrow
27:11 Town Watch
27:36 Loom
30:56 Imperial Age
29:48 Leather Archer Armor
30:28 Heavy Plow
30:58 Ballistics
31:41 Bracer
32:44 Chemistry
32:46 Conscription
34:07 Stone Mining
34:53 Gold Shaft Mining
35:02 Hand Cart
34:10 Elite Longbowman
35:31 Hoardings
35:18 Masonry
37:57 Ring Archer Armor
37:50 Yeomen
40:07 Scale Mail Armor
40:18 Forging
40:00 Man-at-Arms
40:25 Gambesons
40:41 Squires
41:11 Long Swordsman
41:44 Two-Handed Swordsman
43:11 Pikeman
44:52 Iron Casting
44:32 Chain Mail Armor
44:17 Halberdier
46:58 Plate Mail Armor
47:29 Blast Furnace
48:00 Caravan
50:54 Onager
Belmont
10:35 Feudal Age
14:33 Castle Age
13:10 Double-Bit Axe
17:38 Loom
22:25 Bow Saw
26:43 Wheelbarrow
25:53 Town Watch
26:13 Horse Collar
28:03 Town Patrol
28:57 Hand Cart
32:01 Imperial Age
30:32 Gold Mining
32:16 Forging
32:06 Scale Mail Armor
32:12 Squires
31:58 Gambesons
31:58 Arson
32:17 Elite Varangian Guard
32:19 Gothikon
33:20 Conscription
33:38 Iron Casting
33:15 Stone Mining
33:12 Capped Ram
36:43 Blast Furnace
35:58 Chain Mail Armor
41:52 Siege Ram
47:08 Plate Mail Armor
49:51 Pikeman
54:30 Two-Man Saw
57:27 Halberdier
OneHandMen
5:24 Loom
10:54 Feudal Age
14:41 Castle Age
12:45 Horse Collar
13:12 Double-Bit Axe
15:52 Heavy Plow
16:35 Loom
20:35 Town Watch
22:58 Wheelbarrow
23:11 Gold Mining
28:57 Imperial Age
26:38 Scale Mail Armor
27:34 Ballistics
28:00 Chain Mail Armor
27:57 Squires
30:01 Paper Money
30:18 Plate Mail Armor
32:18 Hand Cart
32:15 Forging
32:21 Arson
33:25 Elite Fire Lancer
34:56 Iron Casting
34:57 Crop Rotation
35:52 Treadmill Crane
37:14 Chemistry
36:42 Stone Mining
37:25 Masonry
37:01 Arrowslits
37:53 Fletching
39:24 Bodkin Arrow
40:15 Bow Saw
41:06 Stone Shaft Mining
40:48 Bracer
41:24 Murder Holes
41:42 Padded Archer Armor
41:08 Elite Rattan Archer
42:08 Thumb Ring
41:48 Elite Skirmisher
42:54 Leather Archer Armor
42:24 Imperial Skirmisher
44:12 Two-Man Saw
44:32 Ring Archer Armor
46:24 Bombard Tower
46:10 Siege Engineers
57:54 Man-at-Arms
58:21 Pikeman
60:51 Halberdier
67:16 Sanctity
thdung17
10:45 Feudal Age
9:25 Loom
15:00 Castle Age
13:46 Double-Bit Axe
14:10 Horse Collar
16:19 Bow Saw
17:46 Heavy Plow
19:37 Wheelbarrow
26:27 Imperial Age
25:39 Forging
25:30 Scale Mail Armor
26:38 Hand Cart
27:26 Iron Casting
26:54 Gold Mining
26:56 Stone Mining
28:14 Two-Man Saw
26:59 Man-at-Arms
27:39 Squires
28:10 Long Swordsman
29:27 Crop Rotation
28:39 Capped Ram
30:37 Blast Furnace
29:53 Chain Mail Armor
29:33 Two-Handed Swordsman
30:50 Fletching
30:56 Elite Skirmisher
31:39 Champion
33:47 Plate Mail Armor
34:22 Bodkin Arrow
34:27 Padded Archer Armor
34:49 Ballistics
34:37 Siege Ram
34:43 Imperial Skirmisher
36:23 Leather Archer Armor
37:02 Gold Shaft Mining
37:41 Ring Archer Armor
38:17 Chemistry
42:18 Murder Holes
42:29 Siege Engineers
42:36 Pikeman
45:45 Scale Barding Armor
45:19 Halberdier
48:28 Masonry
48:29 Fortified Wall
48:10 Guard Tower
51:20 Druzhina
51:21 Detinets
50:42 Elite Boyar
51:49 Chain Barding Armor
53:27 Town Watch
Marlok
11:02 Feudal Age
15:16 Castle Age
13:06 Double-Bit Axe
13:35 Horse Collar
15:07 Gold Mining
20:18 Bow Saw
26:45 Imperial Age
24:38 Crossbowman
25:09 Fletching
25:20 Padded Archer Armor
26:23 Ballistics
25:59 Elite Skirmisher
26:38 Bodkin Arrow
28:16 Bracer
29:02 Leather Archer Armor
30:25 Ring Archer Armor
30:05 Heavy Plow
32:58 Chemistry
32:45 Capped Ram
33:42 Thumb Ring
35:25 Siege Ram
37:38 Wheelbarrow
37:11 Scale Barding Armor
37:53 Loom
41:20 Two-Man Saw
41:09 Arbalester
43:12 Chain Barding Armor
44:24 Hand Cart
46:29 Plate Barding Armor
48:21 Forging
48:17 Siege Engineers
60:06 Pikeman
60:48 Scale Mail Armor
61:22 Coinage
60:52 Caravan
61:03 Guilds
61:14 Halberdier
62:20 Chain Mail Armor
64:22 Gold Shaft Mining
63:38 Stone Mining
64:12 Conscription
64:28 Hoardings
64:31 Banking
64:12 Bolt Magazine
66:42 Plate Mail Armor
66:17 Husbandry
65:38 Light Cavalry
Chaynis
10:22 Feudal Age
11:21 Horse Collar
16:02 Castle Age
15:34 Wheelbarrow
17:27 Heavy Plow
25:22 Hand Cart
25:45 Stone Mining
26:24 Loom
29:27 Imperial Age
26:52 Gold Mining
27:57 Scale Barding Armor
28:02 Forging
28:54 Gold Shaft Mining
29:26 Chain Barding Armor
29:55 Husbandry
30:06 Bloodlines
31:02 Conscription
30:05 Light Cavalry
31:23 Plate Barding Armor
31:24 Iron Casting
30:50 Padded Archer Armor
31:05 Bimaristan
30:21 Elite Mameluke
32:28 Chemistry
31:50 Ballistics
31:36 Town Watch
34:26 Blast Furnace
35:01 Hussar
41:26 Padded Archer Armor
41:28 Scale Mail Armor
42:33 Elite Skirmisher
43:20 Thumb Ring
48:50 Man-at-Arms
49:30 Squires
49:56 Chain Mail Armor
50:27 Long Swordsman
50:53 Gambesons
50:59 Two-Handed Swordsman
51:53 Champion
54:43 Plate Mail Armor
57:10 Fortified Wall
57:11 Masonry
chr0rk
11:09 Feudal Age
12:51 Double-Bit Axe
12:57 Horse Collar
15:42 Castle Age
17:09 Bow Saw
17:33 Heavy Plow
23:03 Wheelbarrow
23:19 Stone Mining
23:20 Gold Mining
25:09 Fletching
29:32 Imperial Age
26:59 Bodkin Arrow
27:06 Padded Archer Armor
27:48 Thumb Ring
27:31 Loom
28:10 Ballistics
27:54 Husbandry
28:05 Bloodlines
28:33 Town Watch
30:26 Bracer
31:27 Chemistry
29:50 Capped Ram
31:01 Hand Cart
31:23 Parthian Tactics
30:52 Siege Ram
31:51 Elite Mangudai
32:48 Leather Archer Armor
34:22 Drill
37:14 Scale Barding Armor
37:19 Forging
37:06 Light Cavalry
38:43 Conscription
38:48 Chain Barding Armor
37:59 Hussar
40:38 Iron Casting
45:53 Blast Furnace
LORD PETER
7:57 Loom
10:47 Feudal Age
16:07 Castle Age
14:50 Horse Collar
17:08 Double-Bit Axe
17:27 Heavy Plow
18:06 Bow Saw
28:02 Ballistics
30:49 Town Watch
32:31 Gold Mining
32:31 Stone Mining
35:48 Imperial Age
33:40 Forging
33:21 Fletching
36:47 Wheelbarrow
37:37 Two-Man Saw
36:54 Scale Barding Armor
37:26 Iron Casting
36:52 Scale Mail Armor
38:14 Chemistry
50:08 Hand Cart
53:02 Chain Barding Armor
53:42 Blast Furnace
54:10 Light Cavalry
55:04 Bloodlines
57:52 Plate Barding Armor
57:33 Chain Mail Armor
57:33 Hussar
60:32 Cavalier
61:12 Husbandry
66:00 Plate Mail Armor
68:47 Bodkin Arrow
68:53 Padded Archer Armor
Connection lost

Rejoining the realm…

Still unreachable

The connection could not be restored.

Session expired

The server has moved on; the page needs a fresh start.